Map: Stetmann w oparach

Players

Animal

  • Race: Protoss Protoss
  • Spawn Location: 6:00

Legol

  • Race: Terran Terran
  • League: Gold

VOD

Have the link to the VOD?

Description

Time

  • Played on: Jan. 4, 2020, 10:02 a.m.
  • Length: 30:03
Show
View Real Time Build Order
Export as new Build Order

Animal Protoss 

Build Orders:  

Get SALT Encoding   

  12  0:04  Probe (Chrono Boost)  
  13  0:18  Probe (Chrono Boost)  
  14  0:38  Pylon  
  14  0:44  Assimilator  
  14  0:47  Assimilator  
  14  0:48  Probe (Chrono Boost)  
  15  1:08  Gateway  
  15  1:12  Probe (Chrono Boost)  
  16  1:26  Probe (Chrono Boost)  
  16  1:28  Dark Pylon  
  17  1:45  Forge  
  17  1:53  Probe (Chrono Boost)  
  18  2:07  Probe (Chrono Boost)  
  19  2:13  Pylon  
  19  2:18  Centurion  
  21  2:21  Probe (Chrono Boost)  
  22  2:30  Cybernetics Core  
  22  2:35  Probe (Chrono Boost)  
  22  2:39  Dark Pylon  
  23  2:45  Photon Cannon  
  23  2:49  Probe (Chrono Boost)  
  24  3:14  Photon Cannon  
  24  3:22  Warp Gate  
  24  3:23  Photon Cannon  
  24  3:37  Protoss Ground Weapons Level 1  
  24  3:46  Gateway  
  24  3:54  Dark Pylon  
  24  4:29  Twilight Council  
  24  4:44  Stalker, Stargate  
  26  5:14  Dark Pylon  
  26  5:22  Shadow Charge  
  26  5:23  Stalker x2  
  30  5:57  Nexus  
  30  6:03  Assimilator  
  30  6:06  Stalker  
  30  6:07  Stalker  
  34  6:11  Blink  
  34  6:39  Probe (Chrono Boost)  
  35  6:47  Assimilator  
  35  6:55  Darkcoil, Gateway  
  35  6:56  Probe (Chrono Boost)  
  36  7:00  Gateway  
  36  7:09  Protoss Ground Weapons Level 2  
  36  7:21  Void Ray  
  36  7:29  Probe (Chrono Boost)  
  41  7:39  Stalker  
  43  7:44  Centurion  
  45  7:59  Probe (Chrono Boost)  
  46  8:02  Probe (Chrono Boost)  
  45  8:20  Dark Pylon  
  45  8:44  Stalker x3  
  45  8:45  Stalker  
  53  9:36  Stalker x2  
  53  9:37  Stalker x2  
  61  10:08  Probe (Chrono Boost)  
  63  10:11  Probe (Chrono Boost)  
  63  10:18  Protoss Ground Armor Level 1  
  63  10:20  Void Ray  
  63  10:21  Probe (Chrono Boost)  
  63  10:28  Probe (Chrono Boost)  
  69  10:30  Fleet Beacon  
  69  10:31  Dark Shrine  
  69  10:35  Probe (Chrono Boost)  
  70  10:45  Probe (Chrono Boost)  
  70  10:49  Probe (Chrono Boost)  
  73  11:02  Probe (Chrono Boost)  
  73  11:03  Probe (Chrono Boost)  
  74  11:19  Probe (Chrono Boost)  
  75  11:56  Dark Pylon  
  75  12:00  Dark Templar x3  
  75  12:01  Dark Templar  
  75  12:06  Probe (Chrono Boost)  
  74  12:10  Probe (Chrono Boost)  
  85  12:13  Gateway  
  85  12:17  Gateway  
  85  12:20  Probe (Chrono Boost), Gateway  
  85  12:25  Gateway  
  85  12:28  Gateway  
  86  12:32  Gateway  
  82  13:04  Dark Templar x2  
  82  13:06  Stalker, Centurion  
  88  13:47  Dark Pylon  
  88  13:56  Stalker  
  88  13:57  Centurion  
  88  13:58  Centurion  
  88  13:59  Stalker  
  86  14:24  Dark Templar x2  
  86  14:25  Dark Templar x2  
  86  14:26  Centurion x4  
  88  14:44  Stalker, Dark Templar  
  92  14:54  Stalker  
  92  14:55  Centurion  
  92  14:56  Dark Templar x2  
  92  14:59  Shadow Fury  
  100  15:02  Protoss Ground Weapons Level 3  
  100  16:01  Dark Templar  
  100  16:08  Dark Pylon  
  102  16:21  Dark Templar  
  102  16:22  Dark Templar x2  
  102  16:24  Centurion  
  110  16:34  Pylon  
  110  16:37  Pylon  
  110  16:41  Pylon  
  110  16:42  Dark Templar Blink  
  110  16:44  Pylon  
  110  16:47  Pylon  
  110  16:51  Pylon  
  110  17:04  Pylon  
  110  17:07  Pylon  
  110  17:10  Pylon  
  110  17:14  Void Ray  
  110  17:17  Pylon  
  114  17:30  Pylon  
  114  17:33  Pylon  
  114  17:50  Void Stasis  
  114  18:01  Pylon  
  114  18:05  Pylon  
  114  18:07  Protoss Ground Armor Level 2  
  114  18:08  Pylon  
  114  18:14  Void Ray  
  118  18:28  Stalker x3  
  118  18:29  Dark Templar x3  
  130  18:30  Dark Templar  
  130  18:31  Centurion x3  
  138  19:14  Void Ray  
  138  19:34  Mind Control  
  138  19:35  Dark Pylon  
  136  19:40  Dark Templar x4  
  136  19:42  Centurion x4  
  136  19:43  Stalker  
  136  19:44  Stalker  
  152  20:53  Argus Crystal  
  152  21:16  Stalker x3  
  152  21:18  Dark Templar x3  
  152  21:19  Dark Templar x3  
  170  21:20  Dark Templar  
  170  21:26  Oracle  
  175  21:56  Oracle  
  178  22:26  Oracle  
  181  22:51  Dark Archon  
  181  22:52  Dark Archon x2  
  181  22:53  Dark Archon  
  181  22:55  Protoss Ground Armor Level 3, Dark Templar  
  191  25:09  Dark Pylon  
  191  25:43  Dark Templar x2  
  191  25:44  Dark Templar x2  
  193  26:05  Protoss Shields Level 1  
  193  26:28  Dark Pylon  
  191  26:53  Dark Archon x2  
Show
View Real Time Build Order
Export as new Build Order

Legol Terran 

Build Orders:  

Get SALT Encoding   

  12  0:04  SCV  
  13  0:21  SCV  
  13  0:27  Refinery  
  14  0:38  SCV  
  15  0:55  SCV  
  16  1:03  Engineering Bay  
  16  1:12  SCV  
  17  1:26  Refinery  
  17  1:29  SCV  
  18  1:46  SCV  
  19  1:59  Outlaw Weapons Level 1  
  19  2:03  SCV  
  20  2:19  Gunslingers Hideout  
  20  2:20  SCV  
  20  2:28  Muscle Armory  
  21  2:37  SCV  
  22  2:48  Engineering Bay  
  22  2:53  SCV  
  23  3:01  Tychus  
  23  3:17  SCV  
  24  3:26  Outlaw Life and Armor Level 1  
  24  3:34  SCV  
  24  3:36  Fixers Safehouse  
  25  3:51  SCV  
  26  4:14  James Sirius Sykes  
  36  4:23  SCV  
  37  4:32  Flashforce GDM Visor  
  37  4:40  SCV  
  38  5:27  Command Center  
  38  5:56  SCV  
  39  6:13  SCV  
  40  6:26  Medivac Platform  
  40  6:29  Medivac Platform  
  40  6:30  Medivac Platform, SCV  
  40  6:33  Outlaw Weapons Level 2  
  41  6:46  SCV  
  42  7:03  SCV  
  42  7:08  SCV  
  44  7:20  SCV  
  44  7:25  SCV  
  46  7:37  SCV  
  47  7:42  SCV  
  47  7:44  Auto-Turret  
  47  7:46  Auto-Turret  
  47  7:47  Auto-Turret  
  48  7:50  Auto-Turret  
  48  8:03  SCV  
  48  8:04  SCV  
  50  8:20  SCV  
  50  8:21  SCV  
  52  8:45  SCV x2  
  52  8:49  Refinery  
  54  8:52  Refinery  
  54  8:57  Auto-Turret  
  54  8:58  Auto-Turret  
  54  8:59  Auto-Turret  
  54  9:01  Auto-Turret  
  54  9:02  SCV x2  
  56  9:31  SCV x2  
  58  9:48  SCV x2  
  60  10:05  SCV  
  60  10:09  Kev Rattlesnake West  
  71  10:42  Auto-Turret  
  71  10:46  Auto-Turret  
  71  10:49  Auto-Turret  
  71  11:22  Miles Blaze Lewis  
  81  11:41  Auto-Turret  
  81  11:44  Auto-Turret  
  81  11:46  Auto-Turret  
  81  14:19  High Capacity Containers, Hades Oil  
  81  14:20  Wildflame Fuel Additives  
  81  14:22  KD9a Implosion Core, Vanadium Shell, Kel-Morian Ripper Rounds  
  81  15:12  Nux  
  91  15:38  Engineering Bay x2  
  91  16:41  Umojan Signal Modulator  
  91  16:42  Moebius Aggression Blend  
  91  17:03  Outlaw Weapons Level 3  
  91  17:04  ITC-E Triggers, Endurance Supplements, Outlaw Life and Armor Level 2  
  91  18:28  SureShot Networked Helmet  
  91  18:29  SA-55 Thunderbolt Missiles  
  91  18:39  Big Red Button  
  91  19:18  Secret Stash Stimpack  
  91  19:29  Outlaw Life and Armor Level 3  
  91  21:46  Moebius M34 Terror Rounds  
  91  21:47  D99 Detonator  
  91  21:48  Umojan Turret Frame  
  91  22:24  XCMC-670 Combat Suit  
  91  22:28  T4 Cloudburst Shells  
  91  22:43  Outlaw Weapons Level 4  
  91  23:13  Ultrasonic Boosters  
  91  23:39  Crystalline Amplifiers  
  91  23:57  Outlaw Life and Armor Level 4  
  91  25:00  N3 Networking  
  91  26:17  Hammer Munitions  
  91  26:24  Outlaw Weapons Level 5  
Tags
 
Add a new tag
Caveats
  • Supply blocks, unpowered buildings, or Contaminate may cause inaccurate times.
  • Supply counts are checked every 10 seconds.